 Dungeon Crawl Stone Soup version 0.28-a0-519-gbfeecf2fc5 (webtiles) character file.

Game seed: 5534558805880861284

30 siradein the Chucker (level 3, 0/35 HPs)
             Began as a Troll Hunter on Sept 24, 2021.
             Slain by an adder (2 damage)
             ... on level 2 of the Dungeon.
             The game lasted 00:04:23 (635 turns).

siradein the Chucker (Troll Hunter)                  Turns: 635, Time: 00:04:23

Health: 0/35       AC:  4    Str: 20    XL:     3   Next: 5%
Magic:  2/2        EV: 10    Int:  7    God:
Gold:   13         SH:  0    Dex: 11    Spells: 2/2 levels left

rFire   + . .      SeeInvis .     - Unarmed
rCold   . . .      Faith    .   (no shield)
rNeg    . . .      Spirit   .   b - +0 robe
rPois   .          Reflect  .   (helmet restricted)
rElec   .          Harm     .   (no cloak)
rCorr   .          Rampage  .   (gloves unavailable)
Will    .....                   (boots unavailable)
Stlth   +.........              (no amulet)
HPRegen 1.11/turn               h - ring of protection from fire
MPRegen 0.08/turn               i - ring of flight

@: lethally poisoned (0 -> -1), flying
A: large, unfitting armour, claws 3, regeneration 1, shaggy fur 1, tough skin 1
a: no special abilities


You were on level 2 of the Dungeon.
You visited 1 branch of the dungeon, and saw 2 of its levels.

You collected 13 gold pieces.

Inventory:

Hand Weapons
 m - a +2 vorpal hunting sling
Missiles
 a - 44 stones (quivered)
 c - 5 large rocks
 d - 2 throwing nets
 k - 6 boomerangs
Armour
 b - a +0 robe (worn)
Jewellery
 h - a ring of protection from fire (left claw)
 i - a ring of flight (right claw)
Scrolls
 f - 2 scrolls of identify {unknown}
 l - a scroll of enchant armour {unknown}
 n - a scroll of teleportation {unknown}
 o - a scroll of magic mapping {unknown}
Potions
 e - a potion of heal wounds {unknown}
 g - a potion of mutation {unknown}
 j - 2 potions of haste {unknown}


   Skills:
 + Level 1.9 Fighting
 + Level 3.8 Throwing
 + Level 2.0 Dodging
 - Level 0.3 Stealth
 + Level 1.1 Unarmed Combat


You had 2 spell levels left.
You didn't know any spells.
Your spell library was empty.

Dungeon Overview and Level Annotations

Branches:
Dungeon (2/15)

Altars:


Innate Abilities, Weirdness & Mutations

You are too large for most types of armour.
You have claws for hands.
Your natural rate of healing is unusually fast.
You are covered in fur. (AC +1)
You have tough skin. (AC +1)


Message History

The adder barely misses you.
You are too injured to fight recklessly!
You are too injured to fight recklessly!
You are too injured to fight recklessly!
You barely miss the adder.
The adder is severely wounded.
You feel sick. The adder barely misses you.
You barely miss the adder.
The adder is severely wounded.
You feel very sick. The adder barely misses you. The adder bites you.
You are more poisoned.
The adder poisons you!
You miss the adder.
The adder is severely wounded.
You feel sick. The adder bites you.
* * * LOW HITPOINT WARNING * * *
You barely miss the adder.
The adder is heavily wounded.
You feel sick. The adder barely misses you.
You miss the adder.
The adder is heavily wounded.
You feel sick. The adder bites you but does no damage.
You scratch the adder.
The adder is almost dead.
You feel sick. The adder completely misses you.
You closely miss the adder.
The adder is almost dead.
You feel sick. The adder barely misses you. The adder bites you.
* * * LOW HITPOINT WARNING * * *
You are more poisoned.
The adder poisons you!
You barely miss the adder.
The adder is almost dead.
* * * LOW HITPOINT WARNING * * *
You feel sick. The adder bites you but does no damage.
You closely miss the adder.
The adder is almost dead.
You feel sick. The adder bites you.
You die...

...... .
#..[.# .#
##....# .#
.....##..#
....#..###.
##.........
#<..# #
#####.#..#
#.[S@....#
#.###.#.#....
..#.# .. ###
#


You could see an adder.

Vanquished Creatures
  2 dart slugs (D:1)
  2 ball pythons (D:1)
  4 bats (D:1)
  2 endoplasms (D:1)
  5 hobgoblins (D:1)
  A quokka (D:1)
  A frilled lizard (D:1)
  5 kobolds (D:1)
22 creatures vanquished.

Notes
Turn   | Place    | Note
-------+----------+-------------------------------------------
     0 | D:1      | siradein the Troll Hunter began the quest for the Orb.
     0 | D:1      | Reached XP level 1. HP: 19/19 MP: 0/0
   114 | D:1      | Reached XP level 2. HP: 28/28 MP: 1/1
   325 | D:1      | Reached skill level 1 in Unarmed Combat
   464 | D:1      | Reached XP level 3. HP: 35/35 MP: 2/2
   635 | D:2      | Slain by an adder

Illustrated notes

Levels and vault maps discovered:
D:1:      nzn_arrival_water_spiral, layout_loops_ring
D:2:      layout_basic, uniq_robin, uniq_crazy_yiuf_cottage

Skill      XL: |  1  2 |
---------------+-------+-----
Dodging        | 2 |  2.0
Unarmed Combat | 1 |  1.1
Fighting       | |  1.9
Throwing       | |  3.8
Stealth        | |  0.3

Action                   || total
-------------------------++-------
Melee: Unarmed           ||    64
Armor: Robe              ||    21
Dodge: Dodged            ||    30

Table legend: (Time is in decaauts)
 A = Elapsed time spent in this place.
 B = Non-inter-level travel time spent in this place.
 C = Inter-level travel time spent in this place.
 D = Time resting spent in this place.
 E = Time spent auto-exploring this place.
 F = Levels seen in this place.
 G = Mean time per level.
                   A        B        C        D        E       F      G
               +--------+--------+--------+--------+--------+-----+--------+
         Total |    631 |    614 |     17 |      0 |    441 |   2 |  315.5 |
       Dungeon |    631 |    614 |     17 |      0 |    441 |   2 |  315.5 |
               +--------+--------+--------+--------+--------+-----+--------+

Top non-repeatable levels by time:
     D:1: 605 daAuts
     D:2: 25 daAuts
